APP
SAN DIEGO (APP) PADRES @ HELENA BREWERS
06/09/2044
 
TOP OF THE 1ST
San Diego (APP) Padres batting - Pitching for Helena Brewers : LHP Brian Rich
Pitching: LHP Brian Rich
Batting: SHB Yutaro Takahashi 0-0: Called Strike
0-1: Foul Ball, location: 2F
0-2: Strikes out swinging
Batting: LHB Phil Lerner 0-0: Ball
1-0: Called Strike
1-1: Swinging Strike
1-2: Ball
2-2: Ground out U3 (Groundball, 34, EV 98.1 MPH)
Batting: RHB Wally Cangro 0-0: Ball
1-0: Foul Ball, location: 2F
1-1: Ball
2-1: Fly out, F8 (Flyball, 8RM, EV 88.1 MPH)
Top of the 1st over - 0 runs, 0 hits, 0 errors, 0 left on base; San Diego (APP) 0 - Helena 0
BOTTOM OF THE 1ST
Helena Brewers batting - Pitching for San Diego (APP) Padres : LHP Juan Lopez
Pitching: LHP Juan Lopez
Batting: RHB Nick Cummings 0-0: Ball
1-0: Ground out 6-3 (Groundball, 6, EV 80.6 MPH)
Batting: SHB Mike Williams 0-0: Called Strike
0-1: Ball
1-1: DOUBLE (Line Drive, 78M, EV 114.4 MPH)
Batting: LHB Gabe Harvey 0-0: Foul Ball, location: 2F
0-1: Ball
1-1: Foul Ball, location: 2F
1-2: Fly out, F9 (Line Drive, 9D, EV 98.8 MPH)
Batting: SHB Craig Wright 0-0: Called Strike
0-1: Ball
1-1: Foul Ball, location: 2F
1-2: Foul Ball, location: 2F
1-2: Ball
2-2: Ground out 5-3 (Groundball, 5, EV 88.8 MPH)
Bottom of the 1st over - 0 runs, 1 hit, 0 errors, 1 left on base; San Diego (APP) 0 - Helena 0
TOP OF THE 2ND
San Diego (APP) Padres batting - Pitching for Helena Brewers : LHP Brian Rich
Batting: RHB Max Stillo 0-0: Ball
1-0: Swinging Strike
1-1: Ball
2-1: Foul Ball, location: 2F
2-2: Ball
3-2: DOUBLE (Line Drive, 7LD, EV 114.4 MPH)
Batting: LHB Sammy Roddenberry 0-0: Foul Ball, location: 2F
0-1: Ball
1-1: Foul Ball, location: 2F
1-2: Foul Ball, location: 2F
1-2: DOUBLE (Flyball, 89XD, EV 96.3 MPH)
Max Stillo scores
Batting: LHB Hugo MacBeth 0-0: Called Strike
Sammy Roddenberry steals 3rd base (no throw)
0-1: Called Strike
0-2: Ball
1-2: Ball
2-2: Strikes out swinging
Batting: RHB Tyler West 0-0: Ground out 1-3 (Groundball, 34S, EV 68.8 MPH)
Batting: RHB Brent Little 0-0: Foul Ball, location: 2F
0-1: Foul Ball, location: 2F
0-2: Ball
1-2: Ground out 4-3 (Groundball, 4M, EV 94.4 MPH)
Top of the 2nd over - 1 run, 2 hits, 0 errors, 1 left on base; San Diego (APP) 1 - Helena 0
BOTTOM OF THE 2ND
Helena Brewers batting - Pitching for San Diego (APP) Padres : LHP Juan Lopez
Batting: RHB Dustin Pryor 0-0: Foul Ball, location: 2F
0-1: Called Strike
0-2: Ball
1-2: Ball
2-2: Foul Ball, location: 2F
2-2: Ball
3-2: Foul Ball, location: 2F
3-2: Ground out 6-3 (Groundball, 56D, EV 86.9 MPH)
Batting: SHB Robert Sayer 0-0: Ball
1-0: Ball
2-0: Called Strike
2-1: Foul Ball, location: 2F
2-2: Strikes out swinging
Batting: LHB Pablo Cardona 0-0: Ball
1-0: Foul Ball, location: 2F
1-1: Ball
2-1: SINGLE (Groundball, 6S, EV 73.8 MPH) (infield hit)
Batting: RHB Dustin Hartman 0-0: Called Strike
0-1: Ball
1-1: SINGLE (Groundball, 6S, EV 71.3 MPH) (infield hit)
Pablo Cardona to second
Batting: RHB Dusty Bates 0-0: Called Strike
0-1: Ball
1-1: Foul Ball, location: 2F
1-2: Ground out 4-3 (Groundball, 34, EV 106.3 MPH)
Bottom of the 2nd over - 0 runs, 2 hits, 0 errors, 2 left on base; San Diego (APP) 1 - Helena 0
TOP OF THE 3RD
San Diego (APP) Padres batting - Pitching for Helena Brewers : LHP Brian Rich
Batting: RHB Stephon Hill 0-0: Called Strike
0-1: Foul Ball, location: 2F
0-2: Ground out 6-3 (Groundball, 56, EV 105.0 MPH)
Batting: SHB Yutaro Takahashi 0-0: Ball
1-0: TRIPLE (Flyball, 9LD, EV 109.4 MPH)
Batting: LHB Phil Lerner 0-0: Foul Ball, location: 2F
0-1: Foul Ball, location: 2F
0-2: Strikes out swinging
Batting: RHB Wally Cangro 0-0: Called Strike
0-1: Fly out, F9 (Flyball, 9LS, EV 80.6 MPH)
Top of the 3rd over - 0 runs, 1 hit, 0 errors, 1 left on base; San Diego (APP) 1 - Helena 0
BOTTOM OF THE 3RD
Helena Brewers batting - Pitching for San Diego (APP) Padres : LHP Juan Lopez
Batting: RHB Nick Cummings 0-0: Ball
1-0: Foul Ball, location: 2F
1-1: Foul Ball, location: 2F
1-2: Ball
2-2: Ball
3-2: Base on Balls
Batting: SHB Mike Williams 0-0: Ball
1-0: Ground out 4-3 (Groundball, 34, EV 105.6 MPH)
Nick Cummings to second
Batting: LHB Gabe Harvey 0-0: Called Strike
Nick Cummings steals 3rd base (no throw)
0-1: DOUBLE (Flyball, 78XD, EV 100.0 MPH)
Nick Cummings scores
Batting: SHB Craig Wright 0-0: Called Strike
0-1: Called Strike
0-2: Ball
1-2: Ball
2-2: DOUBLE (Flyball, 8LD, EV 95.0 MPH)
Gabe Harvey scores
Batting: RHB Dustin Pryor 0-0: Foul Ball, location: 2F
0-1: Ball
1-1: Ground out 4-3 (Groundball, 4MD, EV 95.0 MPH)
Craig Wright to third
Batting: SHB Robert Sayer 0-0: Ball
1-0: Foul Ball, location: 2F
1-1: Ball
2-1: Ball
3-1: Called Strike
3-2: Ground out 5-3 (Groundball, 56, EV 103.8 MPH)
Bottom of the 3rd over - 2 runs, 2 hits, 0 errors, 1 left on base; San Diego (APP) 1 - Helena 2
TOP OF THE 4TH
San Diego (APP) Padres batting - Pitching for Helena Brewers : LHP Brian Rich
Batting: RHB Max Stillo 0-0: Ball
1-0: Called Strike
1-1: Ball
2-1: Ball
3-1: Base on Balls
Batting: LHB Sammy Roddenberry 0-0: Ball
1-0: Ball
2-0: Called Strike
2-1: Swinging Strike
2-2: Strikes out looking
Batting: LHB Hugo MacBeth 0-0: Ball
1-0: Ball
2-0: Called Strike
2-1: Foul Ball, location: 2F
2-2: Strikes out swinging
Batting: RHB Tyler West 0-0: DOUBLE (Flyball, 89XD, EV 100.0 MPH)
Max Stillo to third
Runner from 3rd tries for Home, SAFE, throw by CF to trailing runner, SAFE at third!
Batting: RHB Brent Little 0-0: Called Strike
0-1: Foul Ball, location: 2F
0-2: Foul Ball, location: 2F
0-2: Strikes out swinging
Top of the 4th over - 1 run, 1 hit, 0 errors, 1 left on base; San Diego (APP) 2 - Helena 2
BOTTOM OF THE 4TH
Helena Brewers batting - Pitching for San Diego (APP) Padres : LHP Juan Lopez
Batting: LHB Pablo Cardona 0-0: Ball
1-0: Ground out 6-3 (Groundball, P, EV 86.3 MPH)
Batting: RHB Dustin Hartman 0-0: Called Strike
0-1: Ball
1-1: DOUBLE (Line Drive, 78M, EV 93.1 MPH)
Batting: RHB Dusty Bates 0-0: Swinging Strike
0-1: Ball
1-1: Foul Ball, location: 2F
1-2: Ball
2-2: Foul Ball, location: 2F
2-2: Strikes out swinging
Batting: RHB Nick Cummings 0-0: TRIPLE (Line Drive, 9D, EV 108.8 MPH)
Dustin Hartman scores
Batting: SHB Mike Williams 0-0: Swinging Strike
0-1: Ball
1-1: Ground out 4-3 (Groundball, 4, EV 88.1 MPH)
Bottom of the 4th over - 1 run, 2 hits, 0 errors, 1 left on base; San Diego (APP) 2 - Helena 3
TOP OF THE 5TH
San Diego (APP) Padres batting - Pitching for Helena Brewers : LHP Brian Rich
Batting: RHB Stephon Hill 0-0: Ball
1-0: Called Strike
1-1: Swinging Strike
1-2: Ball
2-2: Ball
3-2: Base on Balls
Batting: SHB Yutaro Takahashi 0-0: Ball
1-0: Foul Ball, location: 2F
1-1: Fly out, F8 (Flyball, 8LD, EV 95.0 MPH)
Batting: LHB Phil Lerner 0-0: Ball
1-0: Swinging Strike
1-1: Ball
2-1: Ball
3-1: Called Strike
3-2: Fly out, F7 (Flyball, 7, EV 88.1 MPH)
Lined into DP, 7-3 (Flyball, 7, EV 88.1 MPH)
Top of the 5th over - 0 runs, 0 hits, 0 errors, 0 left on base; San Diego (APP) 2 - Helena 3
BOTTOM OF THE 5TH
Helena Brewers batting - Pitching for San Diego (APP) Padres : LHP Juan Lopez
Batting: LHB Gabe Harvey 0-0: Ball
1-0: Ground out 1-3 (Groundball, 13S, EV 74.4 MPH)
Batting: SHB Craig Wright 0-0: Called Strike
0-1: Ball
1-1: Ground out 5-3 (Groundball, 56, EV 80.6 MPH)
Pitching: RHP Scott Gillis
Batting: RHB Dustin Pryor 0-0: Swinging Strike
0-1: Foul Ball, location: 2F
0-2: Ball
1-2: Strikes out looking
Bottom of the 5th over - 0 runs, 0 hits, 0 errors, 0 left on base; San Diego (APP) 2 - Helena 3
TOP OF THE 6TH
San Diego (APP) Padres batting - Pitching for Helena Brewers : LHP Brian Rich
Pitching: RHP Dave Hotaling
Batting: RHB Wally Cangro 0-0: Ball
1-0: Called Strike
1-1: Swinging Strike
1-2: Foul Ball, location: 2F
1-2: Foul Ball, location: 2F
1-2: Ground out 6-3 (Groundball, 6S, EV 86.9 MPH)
Batting: RHB Max Stillo 0-0: Ball
1-0: Foul Ball, location: 2F
1-1: Ball
2-1: Foul Ball, location: 2F
2-2: Foul Ball, location: 2F
2-2: Ball
3-2: Base on Balls
Batting: LHB Sammy Roddenberry 0-0: Called Strike
Max Stillo steals 2nd base
0-1: Ground out 6-3 (Groundball, 6, EV 102.5 MPH)
Batting: LHB Hugo MacBeth 0-0: Ball
1-0: Ball
2-0: Ball
3-0: Base on Balls
Batting: RHB Tyler West 0-0: SINGLE (Line Drive, 56, EV 96.3 MPH)
Max Stillo to third
Hugo MacBeth to second
Runner from 3rd tries for Home, SAFE, throw by LF to home
Pinch Hitting: LHB Carlos Cuellar 0-0: Fly out, F7 (Flyball, 7S, EV 76.9 MPH)
Top of the 6th over - 1 run, 1 hit, 0 errors, 2 left on base; San Diego (APP) 3 - Helena 3
BOTTOM OF THE 6TH
Helena Brewers batting - Pitching for San Diego (APP) Padres : RHP Scott Gillis
Now at 3B: Rogelio Nunez
Now at SS: Max Stillo
Batting: SHB Robert Sayer 0-0: SINGLE (Line Drive, 78S, EV 93.8 MPH)
Batting: LHB Pablo Cardona 0-0: Foul Ball, location: 2F
0-1: Ball
Wild Pitch!
Robert Sayer to second
1-1: Intentional Walk
Batting: RHB Dustin Hartman 0-0: Called Strike
0-1: Fly out, F2 (Popup, 23F, EV 93.1 MPH)
Batting: RHB Dusty Bates 0-0: Swinging Strike
0-1: Called Strike
0-2: Ball
1-2: Foul Ball, location: 2F
1-2: Strikes out swinging
Batting: RHB Nick Cummings 0-0: Foul Ball, location: 2F
0-1: SINGLE (Groundball, 34D, EV 101.9 MPH)
Robert Sayer to third
Pablo Cardona to second
Runner from 3rd tries for Home, SAFE, throw by RF to home
Batting: SHB Mike Williams 0-0: Fielders Choice at 2nd, U4 (Groundball, 4M, EV 101.3 MPH)
Bottom of the 6th over - 1 run, 2 hits, 0 errors, 2 left on base; San Diego (APP) 3 - Helena 4
TOP OF THE 7TH
San Diego (APP) Padres batting - Pitching for Helena Brewers : RHP Dave Hotaling
Batting: RHB Stephon Hill 0-0: Swinging Strike
0-1: Ball
1-1: Swinging Strike
1-2: Ball
2-2: Strikes out swinging
Batting: SHB Yutaro Takahashi 0-0: Called Strike
0-1: Ball
1-1: Foul Ball, location: 2F
1-2: Foul Ball, location: 2F
1-2: Ball
2-2: Ground out 1-3 (Groundball, 15S, EV 66.3 MPH)
Batting: LHB Phil Lerner 0-0: Called Strike
0-1: Foul Ball, location: 2F
0-2: Fly out, F6 (Popup, 6, EV 58.1 MPH)
Top of the 7th over - 0 runs, 0 hits, 0 errors, 0 left on base; San Diego (APP) 3 - Helena 4
BOTTOM OF THE 7TH
Helena Brewers batting - Pitching for San Diego (APP) Padres : RHP Scott Gillis
Batting: LHB Gabe Harvey 0-0: Ball
1-0: Ball
2-0: Called Strike
2-1: Called Strike
2-2: Ball
3-2: Foul Ball, location: 2F
3-2: Base on Balls
Batting: SHB Craig Wright 0-0: Foul Ball, location: 2F
0-1: Ball
1-1: Foul Ball, location: 2F
1-2: Foul Ball, location: 2F
1-2: Ball
2-2: Strikes out swinging
Batting: RHB Dustin Pryor 0-0: Called Strike
0-1: Ball
1-1: Ball
2-1: Fly out, F8 (Flyball, 78S, EV 86.9 MPH)
Batting: SHB Robert Sayer 0-0: Ball
1-0: Called Strike
1-1: DOUBLE (Line Drive, 89XD, EV 107.5 MPH)
Gabe Harvey to third
Batting: LHB Pablo Cardona 0-0: Swinging Strike
0-1: Called Strike
0-2: Ball
1-2: Foul Ball, location: 2F
1-2: Fly out, F7 (Flyball, 7LS, EV 90.0 MPH)
Bottom of the 7th over - 0 runs, 1 hit, 0 errors, 2 left on base; San Diego (APP) 3 - Helena 4
TOP OF THE 8TH
San Diego (APP) Padres batting - Pitching for Helena Brewers : RHP Dave Hotaling
Pitching: RHP Guillermo Delgado
Batting: RHB Wally Cangro 0-0: Swinging Strike
0-1: Foul Ball, location: 2F
0-2: Foul Ball, location: 2F
0-2: Ground out 4-3 (Groundball, 34, EV 90.0 MPH)
Batting: RHB Max Stillo 0-0: Called Strike
0-1: Called Strike
0-2: Strikes out looking
Batting: LHB Sammy Roddenberry 0-0: Ground out 6-3 (Groundball, 6, EV 87.5 MPH)
Top of the 8th over - 0 runs, 0 hits, 0 errors, 0 left on base; San Diego (APP) 3 - Helena 4
BOTTOM OF THE 8TH
Helena Brewers batting - Pitching for San Diego (APP) Padres : RHP Scott Gillis
Pitching: RHP Nick Goodlow
Batting: RHB Dustin Hartman 0-0: Called Strike
0-1: Ball
1-1: Swinging Strike
1-2: Ground out 6-3 (Groundball, 6, EV 103.8 MPH)
Batting: RHB Dusty Bates 0-0: Ball
1-0: SOLO HOME RUN (Flyball, 7D, EV 98.1 MPH), Distance : 371 ft
Batting: RHB Nick Cummings 0-0: Ball
1-0: Foul Ball, location: 2F
1-1: Foul Ball, location: 2F
1-2: Ball
2-2: SINGLE (Groundball, 6M, EV 85.0 MPH) (infield hit)
Batting: SHB Mike Williams 0-0: Ball
1-0: Ball
Nick Cummings is caught stealing 2nd base 2-6
2-0: Called Strike
2-1: SOLO HOME RUN (Flyball, 7D, EV 96.3 MPH), Distance : 384 ft
Batting: LHB Gabe Harvey 0-0: Foul Ball, location: 2F
0-1: Foul Ball, location: 2F
0-2: Fly out, F8 (Flyball, 78D, EV 94.4 MPH)
Bottom of the 8th over - 2 runs, 3 hits, 0 errors, 0 left on base; San Diego (APP) 3 - Helena 6
TOP OF THE 9TH
San Diego (APP) Padres batting - Pitching for Helena Brewers : RHP Guillermo Delgado
Pitching: RHP Allen Gans
Batting: LHB Hugo MacBeth 0-0: Ball
1-0: Called Strike
1-1: Ball
2-1: Swinging Strike
2-2: Foul Ball, location: 2F
2-2: Ball
3-2: Strikes out looking
Batting: RHB Tyler West 0-0: Ball
1-0: Ball
2-0: DOUBLE (Groundball, 5L, EV 100.6 MPH)
Batting: LHB Rogelio Nunez 0-0: Ball
1-0: Ball
Passed Ball!
Tyler West to third
2-0: Called Strike
2-1: Ball
3-1: Foul Ball, location: 2F
3-2: Strikes out looking
Pinch Hitting: LHB Ramon Vega 0-0: Ball
1-0: Foul Ball, location: 2F
1-1: Ball
2-1: Fly out, F3 (Line Drive, 3, EV 70.0 MPH)
Top of the 9th over - 0 runs, 1 hit, 0 errors, 1 left on base; San Diego (APP) 3 - Helena 6
Thursday, March 31st , 2022 - OOTP Baseball 22.12 Build 89